 Dungeon Crawl Stone Soup version 0.19.5 (webtiles) character file.

50 miragecloak the Changer (level 3, 0/23 HPs)
             Began as an Octopode Transmuter on May 16, 2017.
             Slain by a hobgoblin (2 damage)
             ... led by Robin
             ... on level 1 of the Dungeon.
             The game lasted 00:01:35 (1368 turns).

miragecloak the Changer (Octopode Transmuter)       Turns: 1368, Time: 00:01:35

Health: 0/23       AC:  1    Str:  9    XL:     3   Next: 79%
Magic:  4/6        EV: 13    Int: 15    God:
Gold:   30         SH:  0    Dex: 13    Spells: 2 memorised, 2 levels left

rFire  . . .     SeeInvis .       - Unarmed
rCold  . . .     Gourm    .     (no shield)
rNeg   . . .     Faith    .     (helmet restricted)
rPois  .         Spirit   .     (no amulet)
rElec  .         Reflect  .     l - ring of resist corrosion (curse)
rCorr  +         Harm     .     (no ring)
MR     .....                    (no ring)
Stlth  ++........               (no ring)
                                (no ring)
                                (no ring)
                                (no ring)
                                (no ring)

@: no status effects
A: almost no armour, stealthy swim, amphibious, 8 rings, constrict 8, camouflage
1, gelatinous body 1
a: no special abilities


You were on level 1 of the Dungeon.
You were not hungry.

You visited 1 branch of the dungeon, and saw 2 of its levels.

You collected 30 gold pieces.

Inventory:

Missiles
 a - 12 arrows
Jewellery
 l - a cursed ring of resist corrosion (left tentacle)
 n - a +6 amulet of reflection {unknown}
Scrolls
 d - a scroll of magic mapping {unknown}
 e - a scroll of enchant weapon {unknown}
 g - 3 scrolls of identify {unknown}
 j - a scroll of remove curse {unknown}
Potions
 f - 2 potions of lignification {unknown}
 h - 2 potions of might {unknown}
 i - a potion of haste {unknown}
 m - a potion of cancellation {unknown}
 o - 2 potions of mutation {unknown}
Books
 b - a book of Changes

   Spells                             Type                      Level
   a - Beastly Appendage              Transmutation                1
   b - Sticks to Snakes               Transmutation                2
   c - Spider Form                    Transmutation/Poison         3
   d - Ice Form                       Ice/Transmutation            4
   e - Blade Hands                    Transmutation                5
Comestibles
 c - 2 bread rations
 k - a meat ration
 p - a chunk of flesh


   Skills:
 - Level 1.0 Fighting
 - Level 2.0 Dodging
 - Level 3.0 Unarmed Combat
 - Level 2.0 Spellcasting
 + Level 3.6 Transmutations
 + Level 1.4 Poison Magic


You had 2 spell levels left.
You knew the following spells:

 Your Spells              Type           Power        Failure   Level  Hunger
a - Beastly Appendage     Tmut           ##....       6%          1    #......
b - Spider Form           Tmut/Pois      #.........   24%         3    ###....


Dungeon Overview and Level Annotations

Branches:
Dungeon (2/15)

Altars:

Annotations:
D:1 Robin


Innate Abilities, Weirdness & Mutations

You cannot wear most types of armour.
You are very stealthy in the water. (Stealth+)
You are amphibious.
You can wear up to eight rings at the same time.
You can use your tentacles to constrict eight enemies at once.
Your skin changes colour to match your surroundings (Stealth+).
Your rubbery body absorbs attacks. (AC +1, EV +1)


Message History

You tentacle-slap Robin but do no damage.
You grab Robin.
Robin is heavily wounded.
You constrict Robin.
Robin hits you with a whip of holy wrath!
You tentacle-slap Robin but do no damage.
Robin is severely wounded.
You constrict Robin. The hobgoblin hits you.
Robin hits you with a whip of holy wrath.
* * * LOW HITPOINT WARNING * * *
You are too injured to fight recklessly!
You release your grip on Robin.
There is a stone staircase leading up here.
The hobgoblin hits you.
* * * LOW HITPOINT WARNING * * *
Robin misses you.
You climb upwards.
There is a stone staircase leading down here.
The hobgoblin hits you.
You die...

######.##.P.PP.##
#.....(.##..P.P.#
##........#...P#########
#.........###### #.....#
#...........##.# #.###.#
#...........##.# #.###.##
#...........##.###.##...#
#.#..#########.....##...#
##.#.)#########.@#####...######
...............g># #........#
#..#..##...####.g# #.#.####.#
#..#..##...####.########.# #.#
#........................# #.#
#.......#######.......#### #.#
)...###.### #######.# #.#
#...###.#.# #.# #.#
#.......#.###########.#### #.#


You could see Robin and a hobgoblin.

Vanquished Creatures
  An ooze (D:1)
  A worm (D:2)
  3 leopard geckos
  2 giant cockroaches (D:1)
  8 goblins
  6 hobgoblins
  2 kobolds (D:1)
  2 bats (D:1)
  12 frilled lizards
  3 rats
40 creatures vanquished.

Notes
Turn   | Place    | Note
-------+----------+-------------------------------------------
     0 | D:1      | miragecloak the Octopode Transmuter began the quest for the Orb.
     0 | D:1      | Reached XP level 1. HP: 13/13 MP: 3/3
    57 | D:1      | Reached XP level 2. HP: 11/18 MP: 5/5
   413 | D:1      | Reached XP level 3. HP: 3/23 MP: 6/6
   420 | D:1      | Learned a level 3 spell: Spider Form
  1273 | D:2      | Reached skill level 1 in Poison Magic
  1276 | D:2      | Noticed Robin
  1366 | D:2      | HP: 1/23 [hobgoblin[Robin] (4)]
  1368 | D:1      | Slain by a hobgoblin

Skill      XL: |  1  2  3 |
---------------+----------+-----
Transmutations | 3 |  3.6
Poison Magic   | 1 |  1.4
Fighting       | |  1.0
Dodging        | |  2.0
Unarmed Combat | |  3.0
Spellcasting   | |  2.0

Action                   || total
-------------------------++-------
Melee: Unarmed           ||    85
       Constrict         ||    16
       Kick              ||     8
       Tentacles         ||     7
 Cast: Beastly Appendage ||     9
       Spider Form       ||     6
 Stab: Sleeping          ||     3
  Eat: Chunk             ||     3
Armor: Skin              ||     2
Dodge: Dodged            ||    53
